 Dungeon Crawl Stone Soup version 0.30-a0-4-ga7cffc901d (webtiles) character file.

Game seed: 12557395205831923545

40 Setbun the Sneak (level 3, 0/20 HPs)
             Began as a Kobold Enchanter on Aug 20, 2022.
             Slain by an adder (4 damage)
             ... on level 2 of the Dungeon.
             The game lasted 00:00:48 (936 turns).

Setbun the Sneak (Kobold Enchanter)                  Turns: 936, Time: 00:00:48

Health: 0/20       AC:  2    Str:  5    XL:     3   Next: 72%
Magic:  6/6        EV: 15    Int: 16    God:
Gold:   49         SH:  0    Dex: 17    Spells: 6/6 levels left

rFire   . . .      SeeInvis .    a - +1 dagger
rCold   . . .      Faith    .    (no shield)
rNeg    . . .      Spirit   .    b - +0 robe
rPois   .          Reflect  .    (no helmet)
rElec   .          Harm     .    (no cloak)
rCorr   .          Rampage  .    (no gloves)
Will    .....                    (no boots)
Stlth   ++++......               (no amulet)
HPRegen 0.06/turn                (no ring)
MPRegen 0.10/turn                (no ring)

@: no status effects
A: small, no large weapons, nightstalker 3
a: no special abilities


You were on level 2 of the Dungeon.
You visited 1 branch of the dungeon, and saw 2 of its levels.

You collected 49 gold pieces.

Inventory:

Hand Weapons
 a - a +1 dagger (weapon)
Armour
 b - a +0 robe (worn)
Scrolls
 d - 2 scrolls of identify {unknown}
 h - 2 scrolls of enchant armour {unknown}
 j - a scroll of poison {unknown}
 k - a scroll of immolation {unknown}
Potions
 c - 2 potions of invisibility
 e - 2 potions of heal wounds {unknown}
 f - a potion of degeneration {unknown}
 g - a potion of cancellation {unknown}
 i - a potion of haste {unknown}
 l - a potion of attraction {unknown}


   Skills:
 + Level 0.8 Fighting
 + Level 2.2 Short Blades
 + Level 2.8 Dodging
 * Level 4.8 Stealth
 + Level 2.4 Spellcasting
 + Level 3.2 Hexes


You had 6 spell levels left.
You didn't know any spells.
Your spell library contained the following spells:

 Spells                   Type           Power      Damage    Failure   Level
 Ensorcelled Hibernation  Hex/Ice        14%        N/A       16%         2
 Confusing Touch          Hex            12%        N/A       16%         3
 Tukima's Dance           Hex            12%        N/A       16%         3
 Dazzling Flash           Conj/Hex       14%        N/A       30%         3


Dungeon Overview and Level Annotations

Branches:
Dungeon (2/15)

Altars:

Annotations:
D:2 Sigmund


Innate Abilities, Weirdness & Mutations

You are small and have problems with some larger weapons.
You are completely attuned to the shadows.


Message History

Sigmund casts a spell at you. You resist with significant effort.
You hit Sigmund but do no damage.
Sigmund is lightly wounded.
You hit Sigmund.
Sigmund is moderately wounded.
Sigmund closely misses you. The goblin misses you.
You hit Sigmund.
Sigmund is moderately wounded.
Sigmund barely misses you.
You hit Sigmund.
Sigmund is moderately wounded.
The adder closely misses you. The goblin closely misses you.
You closely miss Sigmund.
Sigmund is moderately wounded.
The adder barely misses you.
Sigmund screams, "Only death can liberate you!"
Sigmund hits you but does no damage.
You hit Sigmund.
Sigmund is heavily wounded.
The adder bites you but does no damage. The goblin closely misses you.
The goblin barely misses you.
You hit Sigmund.
Sigmund is heavily wounded.
The adder bites you. The goblin hits you but does no damage.
The goblin closely misses you. Sigmund hits you with a +0 scythe.
The adder barely misses you.
You barely miss Sigmund.
Sigmund is heavily wounded.
The goblin barely misses you. The goblin hits you but does no damage.
The adder misses you. Sigmund barely misses you.
You hit Sigmund.
Sigmund is severely wounded.
The goblin hits you with a +0 dagger.
* * * LOW HITPOINT WARNING * * *
The goblin misses you. The adder barely misses you.
You hit Sigmund but do no damage.
Sigmund is severely wounded.
Sigmund barely misses you. The adder bites you.
You die...

.......#
.......#
.......#
...@gS.#
...†@g.#
.......###
.........######
.....#.#......#
####+#.......##
...#.#.....
...#.#.....
........##.
.......##


You could see Sigmund, an adder and 2 goblins.

Vanquished Creatures
  An adder (D:2)
  2 ball pythons (D:1)
  3 bats
  4 endoplasms (D:1)
  3 giant cockroaches (D:1)
  A goblin (D:1)
  3 hobgoblins (D:1)
  3 jackals (D:1)
  4 frilled lizards (D:1)
  3 kobolds (D:1)
  A rat (D:1)
28 creatures vanquished.

Notes
Turn   | Place    | Note
-------+----------+-------------------------------------------
     0 | D:1      | Setbun the Kobold Enchanter began the quest for the Orb.
     0 | D:1      | Reached XP level 1. HP: 10/10 MP: 3/3
   261 | D:1      | Reached XP level 2. HP: 16/16 MP: 5/5
   629 | D:1      | Reached XP level 3. HP: 20/20 MP: 6/6
   920 | D:2      | Noticed Sigmund
   936 | D:2      | Slain by an adder

Illustrated notes

Levels and vault maps discovered:
D:1:      dpeg_arrival_houses_and_road, layout_rooms
D:2:      layout_basic, uniq_sigmund

Skill      XL: |  1  2  3 |
---------------+----------+-----
Short Blades   | 2 |  2.2
Fighting       | |  0.8
Dodging        | |  2.8
Stealth        | |  4.8
Spellcasting   | |  2.4
Hexes          | |  3.2

Action                   || total
-------------------------++-------
Melee: Dagger            ||    84
       Punch             ||     2
 Stab: Sleeping          ||    17
Armor: Robe              ||    10
Dodge: Dodged            ||    59

Table legend: (Time is in decaauts)
 A = Elapsed time spent in this place.
 B = Non-inter-level travel time spent in this place.
 C = Inter-level travel time spent in this place.
 D = Time resting spent in this place.
 E = Time spent auto-exploring this place.
 F = Levels seen in this place.
 G = Mean time per level.
                   A        B        C        D        E       F      G
               +--------+--------+--------+--------+--------+-----+--------+
         Total |    928 |    914 |     14 |    165 |    579 |   2 |  464.0 |
       Dungeon |    928 |    914 |     14 |    165 |    579 |   2 |  464.0 |
               +--------+--------+--------+--------+--------+-----+--------+

Top non-repeatable levels by time:
     D:1: 891 daAuts
     D:2: 37 daAuts
